Map: Dusk Towers

Players

LOLRUSS - Winner!

  • Race: Zerg Zerg
  • League: Platinum

EnwayRush

  • Race: Protoss Protoss
  • League: Diamond

VOD

Have the link to the VOD?

Description

demonstrating a ling baneling timing

Time

  • Played on: Nov. 25, 2015, 8:08 a.m.
  • Length: 5:46
Show
View Real Time Build Order
Export as new Build Order

LOLRUSS Zerg - Winner!

Build Orders: Hatch First 

Get SALT Encoding   

  12  0:01  Drone  
  13  0:10  Drone  
  14  0:17  Overlord  
  14  0:26  Extractor  
  14  0:27  Drone, Extractor  
  13  0:30  Drone  
  16  0:36  Drone  
  17  0:55  Hatchery  
  16  0:58  Drone  
  16  1:00  Drone  
  18  1:07  Drone  
  19  1:20  Spawning Pool  
  19  1:23  Drone  
  19  1:27  Extractor  
  19  1:30  Drone  
  19  1:38  Drone  
  20  1:50  Overlord  
  20  2:00  Drone  
  21  2:06  Queen  
  23  2:08  Queen  
  23  2:10  Drone x2  
  27  2:19  Drone  
  28  2:28  Metabolic Boost  
  28  2:30  Zergling x4  
  28  2:36  Drone  
  31  2:40  Overlord  
  31  2:45  Zergling x2  
  32  2:52  Zergling x2  
  32  2:54  Zergling x2  
  34  3:01  Overlord  
  34  3:07  Queen  
  34  3:09  Zergling x2  
  34  3:10  Baneling Nest  
  34  3:12  Zergling x2  
  37  3:15  Zergling x2  
  38  3:25  Zergling x2  
  39  3:29  Zergling x8  
  39  3:30  Zergling x6  
  46  3:37  Zergling x2  
  46  3:42  Zergling x2  
  46  3:47  Zergling x2  
  47  3:58  Zergling x4  
  47  4:01  Zergling x2  
  49  4:04  Zergling x4  
  51  4:15  Zergling x6  
  50  4:17  Zergling x2  
  50  4:18  Zergling x2  
  48  4:24  Zergling x2  
  48  4:26  Zergling x2  
  48  4:38  Zergling x4  
  48  4:45  Zergling x2  
  49  4:48  Zergling x2  
  49  4:54  Zergling x2  
  49  4:58  Zergling x2  
  47  5:06  Zergling x4  
  49  5:07  Zergling x8  
  49  5:08  Zergling x2  
  52  5:14  Zergling x2  
  51  5:24  Baneling x9  
  51  5:25  Zergling x2  
  51  5:26  Zergling x2  
Show
View Real Time Build Order
Export as new Build Order

EnwayRush Protoss 

Build Orders: Nexus First 

Get SALT Encoding   

  12  0:01  Probe (Chrono Boost)  
  13  0:12  Probe (Chrono Boost)  
  14  0:22  Probe (Chrono Boost)  
  14  0:23  Pylon  
  15  0:42  Probe (Chrono Boost)  
  16  0:52  Probe (Chrono Boost)  
  17  1:04  Nexus  
  17  1:08  Probe (Chrono Boost)  
  18  1:19  Probe (Chrono Boost)  
  18  1:20  Gateway  
  19  1:27  Assimilator  
  19  1:31  Assimilator  
  19  1:32  Probe (Chrono Boost)  
  20  1:47  Probe (Chrono Boost)  
  20  1:51  Pylon  
  21  1:58  Probe (Chrono Boost)  
  22  2:08  Cybernetics Core, Probe (Chrono Boost)  
  22  2:12  Zealot  
  24  2:19  Probe (Chrono Boost)  
  24  2:20  Probe (Chrono Boost)  
  26  2:29  Probe (Chrono Boost)  
  27  2:31  Probe (Chrono Boost)  
  28  2:40  Probe (Chrono Boost)  
  28  2:41  Probe (Chrono Boost)  
  30  2:47  Stalker, Warp Gate (Chrono Boost)  
  30  2:51  Probe (Chrono Boost)  
  33  2:52  Mothership Core (Chrono Boost)  
  35  3:02  Probe (Chrono Boost)  
  36  3:11  Probe (Chrono Boost)  
  37  3:18  Sentry  
  37  3:19  Pylon  
  40  3:20  Probe (Chrono Boost)  
  40  3:21  Probe (Chrono Boost)  
  41  3:30  Probe (Chrono Boost)  
  41  3:32  Probe (Chrono Boost)  
  43  3:41  Nexus  
  43  3:50  Gateway x2  
  43  3:52  Pylon  
  41  3:56  Sentry (Chrono Boost)  
  41  4:01  Probe x2 (Chrono Boost)  
  45  4:03  Pylon  
  45  4:11  Probe x2 (Chrono Boost)  
  47  4:22  Probe x2  
  47  4:46  Gateway  
  47  4:47  Gateway  
  47  4:48  Gateway  
  47  4:56  Probe  
  46  5:00  Probe, Pylon  
  46  5:01  Pylon  
  43  5:10  Zealot  
  45  5:15  Pylon  
  45  5:17  Pylon  
  45  5:18  Probe  
  46  5:25  Cybernetics Core  
  46  5:27  Probe  
  46  5:30  Probe  
  46  5:31  Pylon  
  47  5:40  Zealot  
Tags
 
Add a new tag
Caveats
  • Supply blocks, unpowered buildings, or Contaminate may cause inaccurate times.
  • Supply counts are checked every 10 seconds.